 Dungeon Crawl Stone Soup version 0.31-a0-1300-gb6740aa4e6 (webtiles) character file.

Game seed: 14083953510480884836

102 mopl the Insei (level 4, -1/29 HPs)
             Began as an Octopode Shapeshifter on Dec 18, 2023.
             Slain by an orc
             ... wielding a +0 flail
              (5 damage)
             ... on level 3 of the Dungeon.
             The game lasted 00:01:37 (1956 turns).

mopl the Insei (Octopode Shapeshifter)              Turns: 1956, Time: 00:01:37

Health: -1/29      AC:  1    Str: 13    XL:     4   Next: 77%
Magic:  4/4        EV: 13    Int: 12    God:
Gold:   99         SH:  0    Dex: 13    Spells: 1/3 levels left

rFire   . .          .
                       - Unarmed
rCold   . . .        (no shield)
rNeg    . . .        (helmet currently unavailable)
rPois   .            (no amulet)
rElec   .            (no ring)
rCorr   .            (no ring)
SInv    .            (no ring)
Will    .....        (no ring)
Stlth   ++           (no ring)
HPRegen 0.24/turn    (no ring)
MPRegen 0.09/turn    (no ring)
                     (no ring)

%: no passive effects
@: beast-form
A: beast (slay +2), almost no armour, amphibious, 8 rings, camouflage 1,
gelatinous body 1, (nimble swimmer 1), tentacles
a: Begin Untransformation


You were on level 3 of the Dungeon.
You were a hulking beast.
You visited 1 branch of the dungeon, and saw 3 of its levels.

You collected 99 gold pieces.

Inventory:

Talismans
 b - a beast talisman
 c - a flux talisman
Scrolls
 d - a scroll of immolation {unknown}
 e - 3 scrolls of blinking {unknown}
 g - 2 scrolls of enchant armour {unknown}
 i - 3 scrolls of identify {unknown}
Potions
 a - 3 potions of lignification {!q}
 f - 2 potions of curing {unknown}
 h - a potion of heal wounds {unknown}


   Skills:
 + Level 1.8 Fighting
 + Level 2.6 Dodging
 * Level 3.9 Unarmed Combat
 * Level 3.8 Shapeshifting


You had one spell level left.
You knew the following spells:

 Your Spells              Type           Power      Damage    Failure   Level
w - Wereblood             Tmut           0%         N/A       45%         2

Your spell library contained the following spells:

 Spells                   Type           Power      Damage    Failure   Level
 Sublimation of Blood     Necr           0%         N/A       45%         2
 Ozocubu's Armour         Ice            0%         N/A       69%         3
 Ozocubu's Refrigeration  Ice            0%         4d7       100%        7
 Summon Hydra             Summ           0%         N/A       100%        7


Dungeon Overview and Level Annotations

Branches:
Dungeon (3/15)

Altars:
Sif Muna


Innate Abilities, Weirdness & Mutations

You are a hulking beast.
Your limbs bulge with bestial killing power. (Slay +2)
You cannot wear most types of armour.
You are amphibious.
You can wear up to eight rings at the same time.
Your skin changes colour to match your surroundings (Stealth+).
Your rubbery body absorbs attacks. (AC +1, EV +1)
((You are camouflaged when in or above water. (Stealth+)))
You have tentacles for arms and can constrict up to eight enemies at once.


Message History

There is an open door here.
An orc comes into view. It is wielding a +0 flail.
The orc shouts!
The orc wizard shouts!
You hear a shout!
The orc wizard hits you but does no damage.
You tentacle-slap the orc wizard. Your grab misses the orc wizard.
The orc wizard is heavily wounded.
The orc wizard hits you with a +0 dagger.
You tentacle-slap the orc wizard. You grab the orc wizard.
You squeeze the orc wizard.
The orc wizard is almost dead.
You constrict the orc wizard, but do no damage.
The orc wizard points at you and mumbles some strange words.
You are confused.
The orc hits you with a +0 flail.
You constrict the orc wizard.
You kill the orc wizard!
An orc wizard comes into view. It is wielding a +0 dagger.
The orc barely misses you.
Unknown command.
The orc hits you with a +0 flail.
An endoplasm comes into view.
The orc hits you with a +0 flail. The orc wizard barely misses you.
The orc hits you with a +0 flail!
The orc wizard hits you with a +0 dagger.
* * * LOW HITPOINT WARNING * * *
The orc barely misses you.
The orc wizard points at you and mumbles some strange words.
You resist with some effort. The orc misses you.
There is an open door here.
You bump into the rock wall.
You feel less confused.
The orc wizard gestures at you while chanting.
You resist with some effort. The orc barely misses you.
The orc attacks as it pursues you! The orc hits you with a +0 flail.
* * * LOW HITPOINT WARNING * * *
The orc attacks as it pursues you! The orc barely misses you.
The orc attacks as it pursues you! The orc hits you with a +0 flail.
* * * LOW HITPOINT WARNING * * *
The orc attacks as it pursues you! The orc hits you with a +0 flail.
You die...

..#####.###.#...# #.
#.#...#.##.##...####
#.#(..#.##.#..#..#.#
###.#.........[###....
#
#........###.#..#..#.#
#. #.#.o....#
#.##...####
##.#'###.#### ##.#...#
#. #.....##o#
#.#.#.#### #...).##h#
#.#.#.#.## +.....####
#...#...## #.....#
##..#..### ........
##....#.# ........##
##..##.## .....#####
#...#.#.# .....
##.##.##.# #..#.###.#
###.## #.#


You could see an orc wizard and an orc.

Vanquished Creatures
  An orc wizard (D:3)
  2 adders (D:2)
  2 dart slugs
  3 ball pythons
  4 bats
  11 endoplasms
  3 giant cockroaches (D:2)
  2 goblins
  6 hobgoblins
  5 kobolds
  2 quokkas
  4 frilled lizards
  3 rats
48 creatures vanquished.

Notes
Turn   | Place    | Note
-------+----------+-------------------------------------------
     0 | D:1      | mopl the Octopode Shapeshifter began the quest for the Orb.
     0 | D:1      | Reached XP level 1. HP: 13/13 MP: 1/1
    56 | D:1      | Reached XP level 2. HP: 18/18 MP: 2/2
   324 | D:1      | Reached XP level 3. HP: 23/23 MP: 3/3
   760 | D:1      | Learned a level 2 spell: Wereblood
   851 | D:2      | Found a shimmering blue altar of Sif Muna.
  1141 | D:2      | Reached XP level 4. HP: 27/28 MP: 4/4
  1956 | D:3      | Slain by an orc

Illustrated notes

Levels and vault maps discovered:
D:1:      scummos_arrival_gate, layout_loops_corners, chequers_garden
D:2:      layout_basic, basic_altar, minmay_hedge_maze
D:3:      wad_crossroads, layout_basic

Action                     |  1- 3 |  4- 6 || total
---------------------------+-------+-------++-------
  Melee: Unarmed           |    55 |    31 ||    86
         Constrict         |    14 |     8 ||    22
         Tentacles         |    11 |     3 ||    14
         Punch             |       |     3 ||     3
   Stab: Sleeping          |     9 |     4 ||    13
 Armour: Skin              |    14 |    14 ||    28
  Dodge: Dodged            |    29 |    20 ||    49

Table legend: (Time is in decaauts)
 A = Elapsed time spent in this place.
 B = Non-inter-level travel time spent in this place.
 C = Inter-level travel time spent in this place.
 D = Time resting spent in this place.
 E = Time spent auto-exploring this place.
 F = Levels seen in this place.
 G = Mean time per level.
                   A        B        C        D        E       F      G
               +--------+--------+--------+--------+--------+-----+--------+
         Total |   1950 |   1915 |     35 |      0 |   1637 |   3 |  650.0 |
       Dungeon |   1950 |   1915 |     35 |      0 |   1637 |   3 |  650.0 |
               +--------+--------+--------+--------+--------+-----+--------+

Top non-repeatable levels by time:
     D:1: 833 daAuts
     D:2: 811 daAuts
     D:3: 305 daAuts
